 Dungeon Crawl Stone Soup version 0.30-a0-170-g85af917532 (webtiles) character file.

Game seed: 12775633050341610419

74 Sobieck the Sneak (level 4, -10/23 HPs)
             Began as a Vine Stalker Brigand on Sept 30, 2022.
             Was an Initiate of Wu Jian.
             Killed by divine providence
             ... invoked by an orc priest
              (15 damage)
             ... on level 3 of the Dungeon.
             The game lasted 00:04:44 (2006 turns).

Sobieck the Sneak (Vine Stalker Brigand)            Turns: 2006, Time: 00:04:44

Health: -10/23     AC:  3    Str: 19    XL:     4   Next: 28%
Magic:  0/5        EV: 12    Int: 11    God:    Wu Jian [......]
Gold:   124        SH:  0    Dex: 18    Spells: 3/3 levels left

rFire   . . .      SeeInvis .    a - +3 dagger {short}
rCold   . . .      Faith    .    (no shield)
rNeg    . . .      Spirit   +    b - +0 robe
rPois   .          Reflect  .    (no helmet)
rElec   .          Harm     .    c - +0 cloak
rCorr   .          Rampage  .    (no gloves)
Will    .....                    (no boots)
Stlth   +++.......               (no amulet)
HPRegen 0.87/turn                q - +6 ring of strength
MPRegen 0.09/turn                (no ring)

@: no status effects
A: fangs 2, regeneration 1, magic shield, antimagic bite, no potion heal 2
a: Renounce Religion


You were on level 3 of the Dungeon.
You worshipped Wu Jian.
Wu Jian was noncommittal.
You visited 1 branch of the dungeon, and saw 3 of its levels.

You collected 124 gold pieces.


Innate Abilities, Weirdness & Mutations

You have extremely sharp teeth.
Your natural rate of healing is unusually fast.
When hurt, damage is shared between your health and your magic reserves.
Your bite disrupts and absorbs the magic of your enemies.
Potions cannot restore your health.


   Skills:
 + Level 2.3 Fighting
 * Level 2.8 Short Blades
 - Level 1.7 Throwing
 + Level 1.5 Dodging
 + Level 5.3 Stealth


You had 3 spell levels left.
You didn't know any spells.
Your spell library contained the following spells:

 Spells                   Type           Power      Damage    Failure   Level
 Slow                     Hex            0%         N/A       34%         1
 Confusing Touch          Hex            0%         N/A       71%         3
 Vampiric Draining        Necr           0%         2d6       71%         3

Inventory:

Hand Weapons
 a - a +3 dagger (weapon) {short}
Missiles
 d - 15 poisoned darts (quivered) {throwing}
 e - 3 curare-tipped darts {=fthrowing}
 n - 28 stones {throwing}
Armour
 b - a +0 robe (worn)
 c - a +0 cloak (worn)
 j - a +0 ring mail
   (You took it off an orc on level 3 of the Dungeon)
 p - a +0 ring mail
   (You found it on level 3 of the Dungeon)
 r - a +1 chain mail of cold resistance
   (You found it on level 2 of the Dungeon)
Magical Staves
 k - a staff of death {!astaff}
   (You found it on level 1 of the Dungeon)
Jewellery
 q - a +6 ring of strength (left hand)
   (You found it on level 2 of the Dungeon)
Scrolls
 h - 3 scrolls of vulnerability {!r!r}
 s - a scroll of fear {unknown}
Potions
 f - a potion of brilliance
 g - a potion of heal wounds {unknown}
 i - a potion of ambrosia
 l - a potion of curing {@q1}
 m - a potion of invisibility {unknown}
 o - a potion of lignification {unknown}

Dungeon Overview and Level Annotations

Branches:
Dungeon (3/15) Zot: 16001

Altars:
Wu Jian
The Shining One

#.#.........# #.#.#######'#####
#.#.# #.......# #o#.#
#.......##### #.#.#
#............
#.#.#####........####
#.#..............#
#.######.........#
#...@o...........#
#..##o........†..###
♣############..####.########...♣
♣..................># #..♣♣♣
♣#####.######..####'######
#...P♣ #......# #....##.......#
#.♣...
#.###..#####....##.......#
♣♣♣..♣ #.#
#....##.....##.......#


♣PPP♣ #)# ####'##'##+###.......# P.P... You could see an orc priest and an orc
wizard.


Message History

You kill the orc priest!
The Council accepts your kill. The orc hits you with a +0 dagger.
* * * LOW HITPOINT WARNING * * *
The orc barely misses you. The orc misses you.
You have reached level 4!
You feel agile.
You begin to heal more quickly.
The orc attacks as you move away! The orc completely misses you.
The orc closely misses you.
Things that are here:
a +0 war axe {axe}; an orc corpse Unknown command.
The orc closely misses you. The orc hits you with a +0 dagger.
* * * LOW HITPOINT WARNING * * *
The orc attacks as you move away! The orc closely misses you.
The orc attacks as you move away! The orc closely misses you.
The orc attacks as you move away! The orc hits you with a +0 dagger.
* * * LOW HITPOINT WARNING * * *
The orc hits you but does no damage.
There is a stone staircase leading down here.
There is an open door here.
The orc attacks as you move away! The orc misses you.
The orc attacks as you move away! The orc barely misses you.
Unknown command.
You completely miss the orc. The orc hits you with a +0 dagger.
You hit the orc. Your bite misses the orc. The orc hits you with a +0 dagger.
Unknown command.
Unknown command.
You hit the orc.
You kill the orc!
The Council accepts your kill.
Unknown command.
You hit the orc. The orc closely misses you.
You hit the orc but do no damage. Your bite misses the orc. The orc misses you.
You hit the orc. Your bite misses the orc. You hit the orc but do no damage.
You bite the orc.
You kill the orc!
The Council accepts your kill.
Unknown command.
You hit the orc. The orc hits you with a +0 hand axe.
You hit the orc. You bite the orc, but do no damage. The orc barely misses you.
You hit the orc.
You kill the orc!
The Council accepts your kill.
Unknown command.
Unknown command.
j - a +0 ring mail
Items here: ))) ††.
Unknown command.
There is an open door here.
p - a +0 ring mail
There is a stone staircase leading down here.
There is an open door here.
s - a scroll labelled TEKKUA FATED Unknown command.
Okay, then.
(D) Dungeon
Where to? (Enter - D:3, ? - help)
You open the door.
There is an open door here.
There is an open door here.
There is an open door here.
An orc priest is nearby!
Danger!
Unknown command.
Unknown command.
Unknown command.
The orc wizard shouts!
Unknown command.
The orc priest shouts!
You hear a shout!
The orc priest hits you with a +0 short sword.
You hear a shout!
There is a stone staircase leading up here.
Unknown command.
You hit the orc priest. Your bite misses the orc priest.
The orc priest calls down the wrath of Beogh upon you.
Beogh smites you!
Unknown command.
The orc wizard points at you and mumbles some strange words.
You are confused.
The orc priest hits you with a +0 short sword.
In your confused state, you trip and fall back down the stairs.
* * * LOW HITPOINT WARNING * * *
The orc wizard misses you.
The orc priest hits you with a +0 short sword.
* * * LOW HITPOINT WARNING * * *
Unknown command.
Unknown command.
Your system rejects the healing.
You feel better.
The orc wizard hits you with a +0 dagger.
* * * LOW HITPOINT WARNING * * *
The orc priest invokes the aid of Beogh against you.
You struggle to resist.
You have no ailments to cure.
Unknown command.
The orc wizard barely misses you.
The orc priest mumbles some strange prayers to Beogh against you.
Beogh smites you!
Ouch! That really hurt!
You die...

Skill      XL: |  1  2 |
---------------+-------+-----
Short Blades   | 2 |  2.8
Dodging        | 1 |  1.5
Stealth        | 5 |  5.3
Fighting       | 2 |  2.3
Throwing       | |  1.7

Action                   |  1- 3 |  4- 6 || total
-------------------------+-------+-------++-------
Melee: Dagger            |    74 |    11 ||    85
       Bite              |    14 |     2 ||    16
       Punch             |     1 |       ||     1
Invok: Lunge             |    10 |       ||    10
  Use: Scroll            |     7 |       ||     7
       Potion            |       |     1 ||     1
 Stab: Sleeping          |     8 |       ||     8
Armor: Robe              |     4 |     1 ||     5
Dodge: Dodged            |    24 |    12 ||    36

Levels and vault maps discovered:
D:1:      wander_arrival_peaceful_grave, layout_basic, basic_ecumenical_altar,
          serial_forest, infiniplex_forest_end_1, infiniplex_forest_clump_cross,
          infiniplex_forest_straight_2, infiniplex_forest_lined_room_3,
          infiniplex_forest_lined_3, infiniplex_forest_lined_room_,
          infiniplex_forest_straight_2
D:2:      layout_rooms, basic_altar
D:3:      cheibrodos_old_hovel, layout_basic, mainiacjoe_overflow_24_doors,
          marbit_many_paths, serial_forest, infiniplex_forest_lined_1,
          infiniplex_forest_zigzag_1, infiniplex_forest_lined_ring,
          infiniplex_forest_split, infiniplex_forest_clump_long,
          infiniplex_forest_lined_1, infiniplex_forest_side_room,
          infiniplex_forest_clump_curved, chequers_avenue

Notes
Turn   | Place    | Note
-------+----------+-------------------------------------------
     0 | D:1      | Sobieck the Vine Stalker Brigand began the quest for the
                  | Orb.
     0 | D:1      | Reached XP level 1. HP: 11/11 MP: 2/2
    85 | D:1      | Found a faded altar of an unknown god.
   699 | D:2      | Found an ornate altar of the Wu Jian Council.
   712 | D:2      | Reached skill level 2 in Short Blades
   725 | D:2      | Became a worshipper of the Wu Jian Council
   745 | D:2      | Reached skill level 1 in Dodging
   745 | D:2      | Reached XP level 2. HP: 15/15 MP: 3/3
   747 | D:2      | Reached skill level 5 in Stealth
   800 | D:2      | Reached skill level 2 in Fighting
   861 | D:2      | You pick up a book of Debilitation and begin reading...
   861 | D:2      | You add the spells Slow, Vampiric Draining and Confusing
                  | Touch to your library.
  1524 | D:3      | Found a glowing golden altar of the Shining One.
  1533 | D:3      | Reached XP level 3. HP: 18/18 MP: 4/4
  1894 | D:3      | HP: 4/18 [orc/+0 dagger (1)]
  1895 | D:3      | Gained mutation: Your natural rate of healing is unusually
                  | fast. [Vine Stalker growth]
  1895 | D:3      | Reached XP level 4. HP: 5/23 MP: 5/5
  2005 | D:3      | HP: 4/23 [orc wizard/+0 dagger (3)]
  2006 | D:3      | Killed from afar by an orc priest

Vanquished Creatures
  An orc priest (D:3)
  An adder (D:3)
  4 orcs (D:3)
  6 endoplasms
  A giant cockroach (D:2)
  2 goblins
  2 hobgoblins
  2 jackals (D:2)
  A quokka (D:2)
  A ball python (D:2)
  A bat (D:2)
  2 frilled lizards
  2 kobolds (D:2)
  3 rats
29 creatures vanquished.

Vanquished Creatures (others)
  18 plants
18 creatures vanquished.

Grand Total: 47 creatures vanquished

Table legend:
 A = Non-vault XP
 B = Vault XP
 C = Vault XP percentage of total XP
 D = Non-vault monster count
 E = Vault monster count
 F = Vault count percentage of total count
                 A         B        C        D         E       F
            +---------+---------+-------+---------+---------+-------
      Total |     106 |       0 |   0.0 |      29 |       0 |   0.0
            +---------+---------+-------+---------+---------+-------
        D:1 |       6 |       0 |   0.0 |       4 |       0 |   0.0
        D:2 |      27 |       0 |   0.0 |      17 |       0 |   0.0
        D:3 |      73 |       0 |   0.0 |       8 |       0 |   0.0
            +---------+---------+-------+---------+---------+-------

Illustrated notes

Table legend:
 A = Kills in this place as a percentage of kills in entire the game.
 B = Kills by you in this place as a percentage of kills by you in the entire game.
 C = Kills by friends in this place as a percentage of kills by friends in the entire game.
 D = Other kills in this place as a percentage of other kills in the entire game.
 E = Experience gained in this place as a percentage of experience gained in the entire game.
 F = Experience gained in this place divided by the number of levels of this place that you have seen.
                   A       B       C       D       E      F
               +-------+-------+-------+-------+-------+----------------------
         Total | 100.0 | 100.0 |   N/A |   N/A | 100.0 |  35.3
       Dungeon | 100.0 | 100.0 |   N/A |   N/A | 100.0 |  35.3
               +-------+-------+-------+-------+-------+----------------------

Table legend: (Time is in decaauts)
 A = Elapsed time spent in this place.
 B = Non-inter-level travel time spent in this place.
 C = Inter-level travel time spent in this place.
 D = Time resting spent in this place.
 E = Time spent auto-exploring this place.
 F = Levels seen in this place.
 G = Mean time per level.
                   A        B        C        D        E       F      G
               +--------+--------+--------+--------+--------+-----+--------+
         Total |   1998 |   1946 |     52 |    188 |   1430 |   3 |  666.0 |
       Dungeon |   1998 |   1946 |     52 |    188 |   1430 |   3 |  666.0 |
               +--------+--------+--------+--------+--------+-----+--------+

Top non-repeatable levels by time:
     D:2: 762 daAuts
     D:1: 689 daAuts
     D:3: 546 daAuts
